 Dungeon Crawl Stone Soup version 0.17.1-2-g5865329 (webtiles) character file.

46 Eucla the Insei (level 3, 0/29 HPs)
             Began as a Demonspawn Monk on Mar 14, 2016.
             Was a Follower of Ru.
             Slain by an adder (5 damage)
             ... on level 2 of the Dungeon.
             The game lasted 00:01:58 (1499 turns).

Eucla the Insei (Demonspawn Monk)                   Turns: 1499, Time: 00:01:58

Health: 0/29       AC:  2    Str: 12    XL:     3   Next: 44%
Magic:  3/3        EV: 13    Int: 11    God:    Ru [*.....]
Gold:   73         SH:  0    Dex: 15    Spells: 0 memorised, 2 levels left

rFire  . . .     SeeInvis .       - Unarmed
rCold  . . .     Clarity  .     a - +0 robe
rNeg   . . .     SustAt   .     (no shield)
rPois  .         Gourm    .     (no helmet)
rElec  .         Spirit   .     (no cloak)
rCorr  .         Warding  .     (no gloves)
rMut   .         Stasis   .     (no boots)
MR     .....                    (no amulet)
Stlth  ++........               (no ring)
                                (no ring)

@: lethally poisoned (0 -> -2), not resistant to hostile enchantments,
unstealthy
A: talons 1, powered by death 1, no air magic, no hexes magic, no summoning
magic
a: Renounce Religion


You were on level 2 of the Dungeon.
You worshipped Ru.
Ru was aware of your devotion.
You were very hungry.

You visited 1 branch of the dungeon, and saw 2 of its levels.

You collected 73 gold pieces.

Inventory:

Armour
 a - a +0 robe (worn)
Scrolls
 c - a scroll of amnesia {unknown}
 d - a scroll of magic mapping {unknown}
 e - a scroll of remove curse {unknown}
 f - 2 scrolls of enchant armour {unknown}
 g - 2 scrolls of identify {unknown}
 i - a scroll of fog {unknown}
Potions
 h - a potion of haste {unknown}
 j - a potion of degeneration {unknown}
Comestibles
 b - a bread ration
 k - a meat ration


   Skills:
 + Level 3.6 Fighting
 + Level 1.2 Armour
 + Level 3.2 Dodging
 - Level 1.7 Stealth
 - Level 3.6 Unarmed Combat


You had 2 spell levels left.
You didn't know any spells.

Dungeon Overview and Level Annotations

Branches:
Dungeon (2/15)

Altars:
Elyvilon
Ru


Innate Abilities, Weirdness & Mutations

You have sharp toenails.
You regenerate a little health from kills.
You cannot study or cast Air magic.
You cannot study or cast Hexes magic.
You cannot study or cast Summoning magic.


Message History

You are feeling very hungry.
The adder barely misses you.
Unknown command.
You closely miss the adder.
The adder is almost dead.
The adder bites you.
* * * LOW HITPOINT WARNING * * *
Unknown command.
You barely miss the adder.
The adder is almost dead.
You feel sick. The adder barely misses you.
Unknown command.
You closely miss the adder.
The adder is almost dead.
The adder misses you.
Unknown command.
You closely miss the adder. Your kick misses the adder.
The adder is almost dead.
The adder closely misses you. The adder bites you.
You die...

## .# .. # .# ... .##.# .#
... .%#.# .# ..####.## #.#.#
.# .# ..##.....##.#.##.# .##
..#.......#....#.#
.#..##.#.......#....#.# .#..
#....._..gS@.....#
.#..##.#.......#.....######
.#.....#.......#...........
.#(###.##.....##..#..#####
รท#.....####.####...........
.#..#.............#########
.#.)###.#########........
...................>.....
.#..........#############


You could see an adder and a hobgoblin.

Vanquished Creatures
  An ooze (D:1)
  3 ball pythons (D:1)
  6 bats (D:1)
  3 hobgoblins (D:1)
  9 jackals (D:1)
  A giant cockroach (D:1)
  2 giant geckos (D:1)
  4 giant newts
  2 kobolds (D:2)
  10 rats
41 creatures vanquished.

Notes
Turn   | Place    | Note
--------------------------------------------------------------
     0 | D:1      | Eucla the Demonspawn Monk began the quest for the Orb.
     0 | D:1      | Reached XP level 1. HP: 18/18 MP: 1/1
   100 | D:1      | Gained mutation: You have sharp toenails. [demonic ancestry]
   100 | D:1      | Reached XP level 2. HP: 21/24 MP: 2/2
   210 | D:1      | Reached skill level 1 in Armour
   749 | D:1      | Gained mutation: You regenerate a little health from kills. [demonic ancestry]
   749 | D:1      | Reached XP level 3. HP: 9/29 MP: 3/3
  1379 | D:2      | Found a sacrificial altar of Ru.
  1397 | D:2      | Became a worshipper of Ru the Awakened
  1408 | D:2      | Gained mutation: You cannot study or cast Air magic. [Ru sacrifice]
  1408 | D:2      | Gained mutation: You cannot study or cast Hexes magic. [Ru sacrifice]
  1408 | D:2      | Gained mutation: You cannot study or cast Summoning magic. [Ru sacrifice]
  1408 | D:2      | Reached * piety under Ru
  1486 | D:2      | Found a white marble altar of Elyvilon.
  1499 | D:2      | Slain by an adder

Action                   || total
-------------------------++-------
Melee: Unarmed           ||   163
Invok: Sacrifice Arcana  ||     1
  Use: Potion            ||     1
 Stab: Sleeping          ||     5
  Eat: Chunk             ||     1
